 Dungeon Crawl Stone Soup version 0.29.0-4-gdea44cf6ec (webtiles) character file.

Game seed: 14690405845954170562

86 LynnLen the Sneak (level 4, -1/22 HPs)
             Began as a Spriggan Enchanter on Aug 27, 2022.
             Was an Initiate of Makhleb.
             Slain by a black bear (3 damage)
             ... on level 4 of the Dungeon.
             The game lasted 00:07:38 (2812 turns).

LynnLen the Sneak (Spriggan Enchanter)              Turns: 2812, Time: 00:07:40

Health: -1/22      AC:  2    Str:  4    XL:     4   Next: 26%
Magic:  5/10       EV: 17    Int: 18    God:    Makhleb [......]
Gold:   204        SH:  0    Dex: 15    Spells: 5/10 levels left

rFire   . . .      SeeInvis +   a - +4 dagger
rCold   . . .      Faith    .   (no shield)
rNeg    . . .      Spirit   .   b - +0 robe
rPois   .          Reflect  .   (helmet restricted)
rElec   .          Harm     .   (no cloak)
rCorr   .          Rampage  .   (gloves unavailable)
Will    .....                   (boots unavailable)
Stlth   +++.......              (no amulet)
HPRegen 0.07/turn               (no ring)
MPRegen 0.12/turn               (no ring)

@: confusing by touch, very quick
A: very small, no large weapons, unfitting armour, see invisible, speed 3
a: Renounce Religion


You were on level 4 of the Dungeon.
You worshipped Makhleb.
Makhleb was noncommittal.
You visited 2 branches of the dungeon, and saw 5 of its levels.

You collected 204 gold pieces.

Inventory:

Hand Weapons
 a - a +4 dagger (weapon)
Armour
 b - a +0 robe (worn)
Jewellery
 o - an amulet of faith
Wands
 m - a wand of polymorph (2)
 p - a wand of flame (9)
Scrolls
 e - a scroll of magic mapping {unknown}
 g - a scroll of identify
 h - a scroll of amnesia {unknown}
 l - a scroll of fog {unknown}
 n - a scroll of blinking {unknown}
 r - a scroll of poison {unknown}
 s - a scroll of teleportation
Potions
 c - 3 potions of invisibility
 d - a potion of haste
 f - 2 potions of ambrosia {unknown}
 i - a potion of cancellation {unknown}
 j - 2 potions of resistance {unknown}
 k - a potion of attraction {unknown}
 q - a potion of degeneration {unknown}


   Skills:
 + Level 1.2 Fighting
 - Level 1.1 Short Blades
 - Level 2.6 Dodging
 + Level 5.3 Stealth
 + Level 3.5 Spellcasting
 + Level 4.2 Hexes
 + Level 1.0 Ice Magic


You had 5 spell levels left.
You knew the following spells:

 Your Spells              Type           Power      Damage    Failure   Level
a - Ensorcelled Hibernat  Hex/Ice        24%        N/A       8%          2
b - Confusing Touch       Hex            18%        N/A       9%          3

Your spell library contained the following spells:

 Spells                   Type           Power      Damage    Failure   Level
 Tukima's Dance           Hex            18%        N/A       9%          3
 Apportation              Tloc           6%         N/A       16%         1
 Foxfire                  Conj/Fire      12%        2x1d4     16%         1
 Necrotise                Necr           12%        1d4       16%         1
 Summon Small Mammal      Summ           12%        N/A       16%         1
 Dazzling Flash           Conj/Hex       20%        N/A       19%         3
 Conjure Flame            Conj/Fire      3%         6-21      43%         3
 Olgreb's Toxic Radiance  Pois           3%         N/A       83%         4


Dungeon Overview and Level Annotations

Branches:
Dungeon (4/15)             Temple (1/1) D:4

Altars:
Ashenzari
Dithmenos
Elyvilon
Gozag
Makhleb
Qazlal
Ru
Uskayaw
Wu Jian
Zin

Shops:
D:2 *

Annotations:
D:4 Duvessa


Innate Abilities, Weirdness & Mutations

You are very small and have problems with some larger weapons.
You are too small for most types of armour.
You have supernaturally acute eyesight. (SInv)
You cover ground extremely quickly. (Speed+++)


Message History

The black bear growls angrily.
You hit the black bear.
The black bear is lightly wounded.
The black bear bites you. The black bear barely misses you.
The black bear closely misses you.
Aiming: Polymorph
Press: ? - help, Q - select action, (/) - cycle Shift-Dir - straight line, f/p - black bear
Aim: a black bear (lightly wounded, will become a fire bat, a basilisk, or a wyvern, chance to affect: 49%)
Okay, then.
Aiming: Ensorcelled Hibernation (safe; 8% risk of failure)
Press: ? - help, Q - select action, (/) - cycle Shift-Dir - straight line, f - you, p - black bear That would be overly suicidal.
Okay, then.
Casting: Ensorcelled Hibernation (safe; 8% risk of failure)
Confirm with . or Enter, or press ? or * to list all spells.
The spell is quite dangerous to miscast (9% risk of failure)!
Continue anyway?
Your hands begin to glow red.
The black bear barely misses you. The black bear closely misses you.
The black bear claws you but does no damage.
You hit the black bear but do no damage.
The black bear is lightly wounded.
The black bear closely misses you. The black bear misses you.
The black bear barely misses you.
You hit the black bear but do no damage.
You barely miss the black bear. The black bear barely misses you.
The black bear claws you. The black bear completely misses you.
You hit the black bear but do no damage.
The black bear completely misses you. The black bear claws you.
The black bear claws you but does no damage.
You hit the black bear but do no damage.
The black bear bites you!
* * * LOW HITPOINT WARNING * * *
The black bear claws you but does no damage. x2
You hit the black bear but do no damage.
The black bear bites you.
* * * LOW HITPOINT WARNING * * *
The black bear claws you.
* * * LOW HITPOINT WARNING * * *
The black bear claws you.
You die...

....#
#.....>....#
#.#.#
#!...h.....#
....#######
########.#.#
#..........
#.# #
###.#.####
########.#
...###.#
#....h...#
###.#.#
#.########
###..# #h#
#....# #@#
#.##(#####
#.#
#.##.....#
#.#
#.(....#.#
#.#
#...⌠....#
#.#######
#........#
#......<.
..⌠.>.⌠..#
#.#######
#.......##
#.#
....⌠...#
#.#


You could see a black bear.

Vanquished Creatures
  3 adders
  A worm (D:2)
  8 endoplasms
  7 giant cockroaches
  4 goblins
  6 hobgoblins
  3 ball pythons
  6 bats
  4 frilled lizards
  11 rats
53 creatures vanquished.

Vanquished Creatures (others)
  A plant (D:2)
1 creature vanquished.

Grand Total: 54 creatures vanquished

Notes
Turn   | Place    | Note
-------+----------+-------------------------------------------
     0 | D:1      | LynnLen the Spriggan Enchanter began the quest for the Orb.
     0 | D:1      | Reached XP level 1. HP: 9/9 MP: 5/5
   295 | D:1      | Found a faded altar of an unknown god.
   410 | D:1      | Reached XP level 2. HP: 14/14 MP: 6/6
   414 | D:1      | Learned a level 2 spell: Ensorcelled Hibernation
  1218 | D:2      | Reached XP level 3. HP: 17/17 MP: 8/8
  1222 | D:2      | Learned a level 3 spell: Confusing Touch
  1254 | D:2      | Reached skill level 5 in Stealth
  1367 | D:2      | Found Nerarch's Assorted Antiques.
  1476 | D:2      | Reached skill level 1 in Fighting
  1579 | D:2      | Got the Papyrus of Hot Blight
  1966 | D:3      | Reached XP level 4. HP: 20/22 MP: 0/10
  2032 | D:3      | Reached skill level 1 in Ice Magic
  2398 | D:3      | Found a white marble altar of Elyvilon.
  2430 | D:3      | You fall into a shaft and drop 1 floor!
  2454 | D:4      | Found a staircase to the Ecumenical Temple.
  2482 | Temple   | Entered the Ecumenical Temple
  2606 | Temple   | Became a worshipper of Makhleb the Destroyer
  2666 | D:4      | Noticed Duvessa
  2768 | D:4      | Noticed a black bear
  2812 | D:4      | Slain by a black bear

Illustrated notes

Levels and vault maps discovered:
D:1:      dpeg_arrival_shelter, layout_loops_corners, basic_ecumenical_altar,
          minmay_box_of_dots
D:2:      minmay_spotlight, layout_rooms, serial_shops,
          nicolae_shop_overgrown_old_shop
D:3:      layout_basic, nicolae_elyvilon_peaceful_grove, grunt_decor_junction
D:4:      layout_loops_ring, old_standard_altar, jmf_multi_god_temple2,
          temple_fountains, ebering_ghost_sewer_d, uniq_duvessa
Temple:   kb_temple_of_zot

Skill      XL: |  1  2  3  4 |
---------------+-------------+-----
Spellcasting   | 3 |  3.5
Hexes          | 4 |  4.2
Stealth        | 5 |  5.3
Fighting       | 1 |  1.2
Ice Magic      | 1 |  1.0
Short Blades   | |  1.1
Dodging        | |  2.6

Action                   |  1- 3 |  4- 6 || total
-------------------------+-------+-------++-------
Melee: Dagger            |   120 |    25 ||   145
 Cast: Ensorcelled Hiber |     6 |     3 ||     9
       Confusing Touch   |       |     1 ||     1
  Use: Scroll            |     6 |       ||     6
 Stab: Sleeping          |    18 |     4 ||    22
Armor: Robe              |    15 |     4 ||    19
Dodge: Dodged            |    84 |    14 ||    98
